 Dungeon Crawl Stone Soup version 0.30-a0-913-g9934a0ce24 (webtiles) character file.

Game seed: 11841234264865577918

237 pokeman the Magician (level 5, -1/29 HPs)
             Began as a Deep Elf Hedge Wizard on Mar 19, 2023.
             Slain by a hound (5 damage)
             ... on level 4 of the Dungeon on Mar 20, 2023.
             The game lasted 00:06:29 (3693 turns).

pokeman the Magician (Deep Elf Hedge Wizard)        Turns: 3693, Time: 00:06:30

Health: -1/29      AC:  5    Str:  7    XL:     5   Next: 77%
Magic:  1/16       EV: 12    Int: 21    God:
Gold:   142        SH:  0    Dex: 14    Spells: 9/17 levels left

rFire   . . .      SeeInvis .    a - +0 dagger
rCold   + . .      Faith    .    (no shield)
rNeg    . . .      Spirit   .    r - +2 leather armour {rC+}
rPois   .          Reflect  .    c - +0 hat
rElec   .          Rampage  .    (no cloak)
rCorr   .                        (no gloves)
Will    .....                    (no boots)
Stlth   ++                       (no amulet)
HPRegen 0.24/turn                (no ring)
MPRegen 0.15/turn                (no ring)

@: very slightly contaminated
A: no striking features
a: no special abilities


You were on level 4 of the Dungeon.
You visited 1 branch of the dungeon, and saw 4 of its levels.

You collected 142 gold pieces.

Inventory:

Hand Weapons
 a - a +0 dagger (weapon)
Armour
 c - a +0 hat (worn)
 o - a +0 buckler
 r - a +2 leather armour of cold resistance (worn)
Wands
 q - a wand of roots (12)
Scrolls
 e - a scroll of vulnerability {unknown}
 h - 8 scrolls of identify {unknown}
 j - 3 scrolls of immolation {unknown}
 k - 3 scrolls of teleportation {unknown}
 p - 2 scrolls of enchant weapon {unknown}
Potions
 b - a potion of haste {unknown}
 d - 4 potions of magic
 f - a potion of brilliance {unknown}
 g - a potion of ambrosia {unknown}
 i - 3 potions of heal wounds {unknown}
 l - 2 potions of berserk rage {unknown}
 m - 2 potions of curing {unknown}
 n - 2 potions of invisibility {unknown}
 s - 2 potions of cancellation {unknown}
 t - a potion of lignification {unknown}
 u - a potion of flight {unknown}


   Skills:
 - Level 1.0 Fighting
 - Level 1.0 Armour
 - Level 3.1 Dodging
 - Level 3.0 Stealth
 - Level 1.0 Shields
 * Level 6.5 Spellcasting
 + Level 2.8 Conjurations
 - Level 1.1 Summonings
 - Level 1.1 Translocations
 + Level 0.8 Air Magic
 + Level 0.1 Poison Magic
 + Level 0.1 Evocations


You had 9 spell levels left.
You knew the following spells:

 Your Spells              Type           Power      Damage    Failure   Level
a - Magic Dart            Conj           72%        1d6       4%          1
b - Mephitic Cloud        Conj/Pois/Air  12%        N/A       24%         3
c - Call Imp              Summ           11%        N/A       13%         2
d - Blink                 Tloc           22%        N/A       13%         2

Your spell library contained the following spells:

 Spells                   Type           Power      Damage    Failure   Level
 Sting                    Tmut/Pois      28%        1d4       13%         1
 Slow                     Hex            24%        N/A       14%         1
 Poisonous Vapours        Pois/Air       16%        N/A       17%         2
 Cigotuvi's Dreadful Rot  Necr/Pois/Air  16%        N/A       19%         2
 Olgreb's Toxic Radiance  Pois           7%         N/A       77%         4


Dungeon Overview and Level Annotations

Branches:
Dungeon (4/15)
 Temple: D:4-7

Altars:
Gozag

Shops:
D:3 :


Message History

Your crimson imp blinks!
The hound completely misses you.
Unknown command.
You barely miss the hound.
The hound is almost dead.
The hound closely misses you.
You hit the hound but do no damage.
The hound is almost dead.
The hound bites you.
* * * LOW HITPOINT WARNING * * *
The hound barely misses you.
Unknown command.
The hound attacks as you move away! The hound bites you.
* * * LOW HITPOINT WARNING * * *
The hound attacks as you move away! The hound barely misses you. x2
Casting: Call Imp (safe; 13% risk of failure)
Confirm with . or Enter, or press ? or * to list all spells.
Aiming: Magic Dart (safe; 4% risk of failure)
Press: ? - help, Shift-Dir - straight line, f - hound
Aim: a hound (almost dead, ally target, 100% to hit)
You miscast Magic Dart.
You are very lightly contaminated with residual magic.
Nothing appears to happen.
The hound barely misses you.
Unknown command.
Press: ? - help, v - describe, . - travel
Here: a hound (almost dead, ally target)
The floor.
Unknown command.
Unknown command.
You closely miss the hound.
The hound is almost dead.
The hound bites you but does no damage. The hound closely misses you.
You barely miss the hound.
The hound is almost dead.
The hound bites you.
* * * LOW HITPOINT WARNING * * *
You closely miss the hound.
The hound is almost dead.
The hound bites you.
You die...

.. . #...r....# ##.#.. ##.. ..##
#.....w.###... ......
...##..#..#............. #.....
....#............#.....# .>....
.#...........)####....# ......
.....##.....)..##.....# .......
......##..##...5##.##.## .# #....
.>....##.##...wh#...#..##.# #..#.
#...........###.@.........##..#..
#...........#........#........##<
...##............#.....<..#... #.
...###........#####..........####
#..)#...##.#..# ##.......#...##
#.......####..### #......##.#...
##.....####.....# #.......#.#.#.
##gg.####.......# ####......##..
#.....###.......########.........


You could see a worm, a hound (ally target) and a friendly crimson imp
(summoned).

Vanquished Creatures
  A hound (D:4)
  2 orc wizards (D:3)
  3 gnolls (D:4)
  3 adders (D:2)
  3 orcs
  4 ball pythons
  6 endoplasms
  3 giant cockroaches (D:1)
  4 goblins
  11 hobgoblins
  4 jackals (D:2)
  5 kobolds
  2 quokkas
  8 bats
  5 frilled lizards
  6 rats
70 creatures vanquished.

Vanquished Creatures (collateral kills)
  Ijyb (D:3)
  An orc (D:3)
  A quokka (D:4)
3 creatures vanquished.

Grand Total: 73 creatures vanquished

Notes
Turn   | Place    | Note
-------+----------+-------------------------------------------
     0 | D:1      | pokeman the Deep Elf Hedge Wizard began the quest for the
                  | Orb.
     0 | D:1      | Reached XP level 1. HP: 10/10 MP: 7/7
   159 | D:1      | Reached XP level 2. HP: 8/16 MP: 1/9
   727 | D:1      | Reached skill level 5 in Spellcasting
  1180 | D:2      | Reached XP level 3. HP: 20/20 MP: 6/11
  1187 | D:2      | Learned a level 3 spell: Mephitic Cloud
  1190 | D:2      | Learned a level 2 spell: Call Imp
  1193 | D:2      | Learned a level 2 spell: Blink
  1341 | D:2      | Reached skill level 1 in Fighting
  1505 | D:2      | Reached skill level 1 in Armour
  2096 | D:2      | Reached XP level 4. HP: 25/25 MP: 10/13
  2517 | D:3      | Noticed Ijyb
  2554 | D:3      | Killed Ijyb
  2799 | D:3      | Reached skill level 1 in Shields
  2799 | D:3      | Reached skill level 6 in Spellcasting
  2799 | D:3      | Reached XP level 5. HP: 28/29 MP: 7/15
  2885 | D:3      | Found Qiyzot's Book Boutique.
  3182 | D:3      | Found an opulent altar of Gozag.
  3693 | D:4      | Slain by a hound

Illustrated notes

Levels and vault maps discovered:
D:1:      shiori_arrival_elements, layout_basic, minmay_misc_feat_cross
D:2:      layout_loops_ring
D:3:      layout_basic, general_overflow_altar, serial_shops, shop, uniq_ijyb
D:4:      layout_cave_pools

Skill      XL: |  1  2  3  4  5 |
---------------+----------------+-----
Spellcasting   | 5 6 |  6.5
Fighting       | 1 |  1.0
Armour         | 1 |  1.0
Conjurations   | 2 |  2.8
Dodging        | 3 |  3.1
Shields        | 1 |  1.0
Stealth        | 3 |  3.0
Summonings     | |  1.1
Translocations | |  1.1
Air Magic      | |  0.8
Poison Magic   | |  0.1
Evocations     | |  0.1

Action                     |  1- 3 |  4- 6 || total
---------------------------+-------+-------++-------
  Melee: Dagger            |     8 |    55 ||    63
         Punch             |       |     1 ||     1
   Cast: Magic Dart        |   112 |    56 ||   168
         Mephitic Cloud    |       |     8 ||     8
         Call Imp          |       |     6 ||     6
         Blink             |       |     1 ||     1
   Stab: Confused          |       |     3 ||     3
         Sleeping          |       |     1 ||     1
 Armour: Robe              |    10 |     1 ||    11
         Leather armour    |       |     7 ||     7
  Dodge: Dodged            |    14 |    59 ||    73

Table legend: (Time is in decaauts)
 A = Elapsed time spent in this place.
 B = Non-inter-level travel time spent in this place.
 C = Inter-level travel time spent in this place.
 D = Time resting spent in this place.
 E = Time spent auto-exploring this place.
 F = Levels seen in this place.
 G = Mean time per level.
                   A        B        C        D        E       F      G
               +--------+--------+--------+--------+--------+-----+--------+
         Total |   3693 |   3663 |     30 |    153 |   3014 |   4 |  923.2 |
       Dungeon |   3693 |   3663 |     30 |    153 |   3014 |   4 |  923.2 |
               +--------+--------+--------+--------+--------+-----+--------+

Top non-repeatable levels by time:
     D:2: 1337 daAuts
     D:1: 1175 daAuts
     D:3: 801 daAuts
     D:4: 379 daAuts
